 Dungeon Crawl Stone Soup version 0.30.1-11-g7821555f0a (webtiles) character file.

Game seed: 5005996524170548925

163 lonewolfV2 the Trooper (level 5, 0/52 HPs)
             Began as a Minotaur Fighter on Nov 10, 2023.
             Killed by divine providence
             ... invoked by an orc priest
              (12 damage)
             ... on level 3 of the Dungeon.
             The game lasted 00:02:29 (1750 turns).

lonewolfV2 the Trooper (Minotaur Fighter)           Turns: 1750, Time: 00:02:30

Health: 0/52       AC:  6    Str: 20    XL:     5   Next: 20%
Magic:  4/4        EV:  9    Int:  5    God:
Gold:   40         SH:  4    Dex: 12    Spells: 4/4 levels left

rFire   . . .        a - +0 war axe
rCold   . . .        c - +0 buckler
rNeg    . . .        b - +0 scale mail
rPois   .            (helmet restricted)
rElec   .            (no cloak)
rCorr   .            (no gloves)
SInv    .            (no boots)
Will    .....        (no amulet) Stlth
                     (no ring)
HPRegen 0.28/turn    (no ring)
MPRegen 0.09/turn

%: no passive effects
@: no status effects
A: horns 2, retaliatory headbutt
a: no special abilities


You were on level 3 of the Dungeon.
You visited 1 branch of the dungeon, and saw 3 of its levels.

You collected 40 gold pieces.

Inventory:

Hand Weapons
 a - a +0 war axe (weapon)
Armour
 b - a +0 scale mail (worn)
 c - a +0 buckler (worn)
Jewellery
 j - a ring of ice
Scrolls
 e - a scroll of fog
 k - 2 scrolls of blinking
 l - 2 scrolls of noise
Potions
 d - a potion of might
 f - a potion of cancellation {unknown}
 g - 2 potions of curing
 h - a potion of heal wounds
 o - a potion of attraction {unknown}


   Skills:
 * Level 7.2 Fighting
 - Level 2.4 Axes
 - Level 3.6 Armour
 - Level 3.6 Shields


You had 4 spell levels left.
You didn't know any spells.
Your spell library contained the following spells:

 Spells                   Type           Power      Damage    Failure   Level
 Apportation              Tloc           0%         N/A       88%         1
 Magic Dart               Conj           0%         1d3       88%         1
 Call Imp                 Summ           0%         N/A       95%         2
 Mephitic Cloud           Conj/Pois/Air  0%         N/A       99%         3
 Alistair's Intoxication  Tmut/Pois      0%         N/A       100%        5


Dungeon Overview and Level Annotations

Branches:
Dungeon (3/15)

Altars:

Shops:
D:2 ?


Innate Abilities, Weirdness & Mutations

You have a pair of horns on your head.
You reflexively headbutt those who attack you in melee.


Message History

An orc is nearby!
The orc shouts!
The ball python hisses angrily.
An orc priest comes into view. It is wielding a +0 flail.
The orc priest shouts!
The orc priest drinks a potion.
The orc priest suddenly seems more resistant.
You hit the orc. You headbutt the orc.
You kill the orc!
The ball python bites you. The ball python barely misses you.
A giant cockroach comes into view.
The ball python bites you but does no damage.
You block the ball python's attack.
The giant cockroach moves out of view.
Things that are here:
a +0 short sword; a +3 leather armour; an orc corpse The ball python attacks as you move away!
You block the ball python's attack. x2
The orc priest hits you with a +0 flail.
The orc priest invokes the aid of Beogh against you.
Beogh smites you! The ball python misses you.
You block the ball python's attack.
You barely miss the orc priest. You headbutt the orc priest.
The orc priest is lightly wounded.
You slash the ball python!
You kill the ball python!
An orc comes into view. It is wielding a +0 club.
The orc priest hits you but does no damage.
The orc priest invokes the aid of Beogh against you.
You barely resist.
The orc shouts!
You hit the orc priest.
The orc priest is moderately wounded.
The orc priest calls down the wrath of Beogh upon you.
Beogh smites you!
* * * LOW HITPOINT WARNING * * *
You slash the orc priest! Your headbutt misses the orc priest.
The orc priest is almost dead.
The orc priest mumbles some strange prayers to Beogh against you.
Beogh smites you!
You die...

#.. ..# ###.. ...#
... .#.###..# ...
>......# .. .
#..#...#####.. ..
#)..# +.....+ ...
#.#.# #.#.#.# ....
#)).###..))o###..#..
#..#...#)).#@oB#...
#....#.....).#...#
#)#.....#.#..#..##
#.#####.#.#..#.##
#.†# #........##...
#.## ###...<.....#
#. ########### ..
...


You could see an orc priest (resistant), an orc and a giant cockroach.

Vanquished Creatures
  7 adders
  4 gnolls (D:3)
  A worm (D:2)
  A dart slug (D:1)
  3 orcs (D:3)
  4 endoplasms
  3 goblins
  4 hobgoblins
  4 jackals (D:2)
  5 quokkas
  7 ball pythons
  5 bats
  A frilled lizard (D:1)
  3 kobolds
  4 rats
56 creatures vanquished.

Notes
Turn   | Place    | Note
-------+----------+-------------------------------------------
     0 | D:1      | lonewolfV2 the Minotaur Fighter began the quest for the
                  | Orb.
     0 | D:1      | Reached XP level 1. HP: 19/19 MP: 0/0
   106 | D:1      | Reached skill level 4 in Fighting
   266 | D:1      | Reached XP level 2. HP: 26/28 MP: 1/1
   802 | D:2      | Reached skill level 5 in Fighting
   871 | D:2      | Reached XP level 3. HP: 36/36 MP: 2/2
  1363 | D:2      | Reached XP level 4. HP: 41/44 MP: 3/3
  1407 | D:2      | Reached skill level 6 in Fighting
  1510 | D:2      | Found Umam's Magic Scroll Shop.
  1720 | D:3      | Reached skill level 7 in Fighting
  1720 | D:3      | Reached XP level 5. HP: 31/52 MP: 4/4
  1750 | D:3      | Killed from afar by an orc priest

Illustrated notes

Levels and vault maps discovered:
D:1:      dpeg_arrival_arbitrary_b, layout_basic, skrybe_limestone_x,
          minmay_tetromino_o4
D:2:      layout_loops_ring, serial_shops, nicolae_shop_rolled_up
D:3:      layout_rooms, gammafunk_ghost_mausoleum,
          nicolae_ecumenical_snake_handling, minmay_fractal_squares_diagonal_5,
          uniq_crazy_yiuf_cottage, uniq_ijyb, uniq_terence, uniq_sigmund

Skill      XL: |  1  2  3  4 |
---------------+-------------+-----
Fighting       | 4 5 7 |  7.2
Axes           | |  2.4
Armour         | |  3.6
Shields        | |  3.6

Action                     |  1- 3 |  4- 6 || total
---------------------------+-------+-------++-------
  Melee: War axe           |    59 |    39 ||    98
         Headbutt          |     8 |    11 ||    19
    Use: Scroll            |     5 |     4 ||     9
 Armour: Scale mail        |    48 |    11 ||    59
  Dodge: Dodged            |    42 |    26 ||    68
  Block: Buckler           |    14 |    16 ||    30
